cohdb
Replays
Latest Replays
All Replays
Popular Replays
Top Player Replays
Match Explorer
How It Works
Community
CoH3 Stats
Reddit
Sign in to upload your games and track your stats! →
Sign in with Steam
Match 40442961
Unlisted
Match 40442961
Overview
Messages
Build Orders
End
Panzerpioneer Squad
Panzerpioneer Squad
Panzerpioneer Squad
250 Light Carrier
Construct Light Support Kompanie
2.5-tonne Medical Truck
Selects Battlefield Espionage Battlegroup
Selects 250/3 Funkpanzerwagen
Fire Support Elements
Pak 38 Mechanized Group
2.5-tonne Medical Truck
Panzerpioneer Squad
Pak 38 Anti-tank Gun Team
Flakvierling Half-track
Vehicle Survival Package
Pak 38 Mechanized Group
Combat Half-tracks
Panzergrenadier Squad
2.5-tonne Medical Truck
Construct Panzerarmee Kommand
Selects Anti-Tank Incendiary Munitions
250/3 Funkpanzerwagen
Panzer III L Medium Tank
Panzer III L Medium Tank
Selects Intel Disruption Beacon
Selects Plunder
Selects Disruption Operation
Rapid Advance
Disruption Operation
quiidkam
waja0514
子清
Sparkle
Mo-J
Wheeler
0
0
Comments
sign in to comment!
No comments posted yet!